 Dungeon Crawl Stone Soup version 0.31-a0-672-g7da72447bb (webtiles) character file.

Game seed: 8127179907485774699

9 rvierbuc the Trooper (level 2, -2/24 HPs)
             Began as a Demonspawn Cinder Acolyte on Sept 5, 2023.
             Was a High Priest of Ignis.
             Engulfed by a cloud of flame (8 damage)
             ... on level 1 of the Dungeon.
             The game lasted 00:03:32 (582 turns).

rvierbuc the Trooper (Demonspawn Cinder Acolyte)     Turns: 582, Time: 00:03:32

Health: -2/24      AC:  4    Str: 14    XL:     2   Next: 6%
Magic:  3/3        EV: 11    Int: 15    God:    Ignis [*****.]
Gold:   36         SH:  0    Dex:  8    Spells: 1/3 levels left

rFire   + . .        a - -1 spear (flame)
rCold   . . .        (no shield)
rNeg    . . .        b - +0 robe
rPois   .            (no helmet)
rElec   .            (no cloak)
rCorr   .            (no gloves)
SInv    .            (no boots)
Will    .....        (no amulet)
Stlth   +            (no ring)
HPRegen 0.24/turn    (no ring)
MPRegen 0.08/turn

%: no passive effects
@: no status effects
A: thin metallic scales 1
a: Renounce Religion, Fiery Armour, Foxfire Swarm, Rising Flame


You were on level 1 of the Dungeon.
You worshipped Ignis.
Ignis was extremely pleased with you.
You visited 1 branch of the dungeon, and saw 1 of its levels.

You collected 36 gold pieces.

Inventory:

Hand Weapons
 a - a -1 spear of flaming (weapon)
Missiles
 f - 4 atropa-tipped darts
Armour
 b - a +0 robe (worn)
Scrolls
 c - a scroll of identify {unknown}
 e - a scroll of revelation {unknown}
Potions
 d - a potion of attraction {unknown}


   Skills:
 + Level 3.1 Fighting
 + Level 2.8 Polearms
 + Level 1.2 Spellcasting
 + Level 2.9 Fire Magic


You had one spell level left.
You knew the following spells:

 Your Spells              Type           Power      Damage    Failure   Level
a - Scorch                Fire           18%        2d5       11%         2

Your spell library contained the following spells:

 Spells                   Type           Power      Damage    Failure   Level
 Cigotuvi's Dreadful Rot  Necr/Pois/Air  0%         N/A       36%         2
 Volatile Blastmotes      Fire/Tloc      10%        2d10      36%         3
 Ignite Poison            Fire/Tmut/Pois 3%         N/A       43%         3
 Fulminant Prism          Conj/Hex       0%         3d5       94%         4
 Iskenderun's Mystic Bla  Conj/Tloc      0%         2d3       94%         4
 Summon Ice Beast         Ice/Summ       0%         N/A       94%         4
 Freezing Cloud           Conj/Ice/Air   0%         6-21      100%        5
 Summon Mana Viper        Hex/Summ       0%         N/A       100%        5
 Monstrous Menagerie      Summ           0%         N/A       100%        7


Dungeon Overview and Level Annotations

Branches:
Dungeon (1/15)

Altars:

Shops:
D:1 (


Innate Abilities, Weirdness & Mutations

You are partially covered in thin metallic scales. (AC +2)


Message History

You hit the quokka but do no damage. Your punch misses the quokka.
The quokka is moderately wounded.
The quokka bites you. The quokka barely misses you.
You closely miss the quokka.
The quokka is moderately wounded.
The quokka bites you.
You closely miss the quokka.
The quokka is moderately wounded.
The quokka bites you.
You barely miss the quokka.
The quokka is moderately wounded.
The quokka closely misses you.
You hit the quokka. You burn the quokka.
You kill the quokka!
You have reached level 2!
Your demonic ancestry asserts itself...
Thin metallic scales grow over part of your body.
You start memorising the spell.
You continue memorising. x2
You finish memorising.
Spell assigned to 'a'.
A bat comes into view.
Found a leather armour.
The bat hits you but does no damage.
Nothing quivered!
You hit the bat. You burn the bat.
You kill the bat!
Found a scale mail.
You're in a travel-excluded area, stopping explore.
Okay, then.
Okay, then.
You swing at nothing.
You swing at nothing.
You swing at nothing.
You swing at nothing.
Okay, then.
Unknown command.
You are engulfed in blazing flames.
You resist.
You are engulfed in blazing flames.
You resist.
* * * LOW HITPOINT WARNING * * *
You are engulfed in blazing flames.
You resist.
You die...

#.##### #§.§# #......... ####.##
#.§.# #.#####... #.....# #.§§#
#.# .#. ##.....#
######...######.# #.#. #......#
#...°.$$..°○§.#†# #.#.
#......###.§§§.....§§....# ###...
#.#........☼§...$$.§§..#.# #.....
#.#.#####.#####...######.###.#...
#.........# #§@§# #..........
###.......# #§§☼# ##.###.....
##.#####.# #§§☼# ##.....#.#. #..#
#.#####...# #.....##.#.
##..#####........#.# #.#.##.####.
..........#####.....[..#.........
##..#####.########.###.##...####.
#..............# .# #.#.####.
#..#####.########.# #........


There were no monsters in sight!

Vanquished Creatures
  2 bats (D:1)
  2 goblins (D:1)
  A hobgoblin (D:1)
  A quokka (D:1)
  A frilled lizard (D:1)
  2 rats (D:1)
9 creatures vanquished.

Vanquished Creatures (others)
  A ball python (D:1)
1 creature vanquished.

Grand Total: 10 creatures vanquished

Notes
Turn   | Place    | Note
-------+----------+-------------------------------------------
     0 | D:1      | rvierbuc the Demonspawn Cinder Acolyte began the quest for
                  | the Orb.
     0 | D:1      | Reached XP level 1. HP: 18/18 MP: 2/2
   170 | D:1      | Found a faded altar of an unknown god.
   212 | D:1      | Noticed a +0 giant club
   214 | D:1      | Found Nacvypt's Weapon Emporium.
   216 | D:1      | Noticed a +0 executioner's axe
   451 | D:1      | Gained mutation: You are partially covered in thin metallic
                  | scales. (AC +2) [demonic ancestry]
   451 | D:1      | Reached XP level 2. HP: 16/24 MP: 3/3
   454 | D:1      | Learned a level 2 spell: Scorch
   582 | D:1      | Engulfed by a cloud of flame

Illustrated notes

Levels and vault maps discovered:
D:1:      wander_arrival_chamber, layout_basic, serial_shops,
          nicolae_shop_mannequins, shapermc_ecumenical_altar_venn,
          lemuel_flame_loot_1

Action                     || total
---------------------------++-------
  Melee: Spear             ||    30
   Stab: Sleeping          ||     1
 Armour: Robe              ||    14
  Dodge: Dodged            ||     9

Table legend: (Time is in decaauts)
 A = Elapsed time spent in this place.
 B = Non-inter-level travel time spent in this place.
 C = Inter-level travel time spent in this place.
 D = Time resting spent in this place.
 E = Time spent auto-exploring this place.
 F = Levels seen in this place.
 G = Mean time per level.
                   A        B        C        D        E       F      G
               +--------+--------+--------+--------+--------+-----+--------+
         Total |    580 |    580 |      0 |      0 |    460 |   1 |  580.0 |
       Dungeon |    580 |    580 |      0 |      0 |    460 |   1 |  580.0 |
               +--------+--------+--------+--------+--------+-----+--------+

Top non-repeatable levels by time:
     D:1: 580 daAuts
